 Dungeon Crawl Stone Soup version 0.28.0-62-gf88900778d (webtiles) character file.

Game seed: 11359543535341953300

217590 cbfl8 the Executioner (level 19, -8/174 HPs)
             Began as a Hill Orc Fighter on May 24, 2023.
             Was the Champion of Beogh.
             Mangled by a merfolk
             ... wielding a +0 trident
              (55 damage)
             ... on level 4 of the Shoals.
             The game lasted 01:37:02 (51071 turns).

cbfl8 the Executioner (Hill Orc Fighter)           Turns: 51071, Time: 01:37:03

Health: -8/174     AC: 23    Str: 34    XL:     19   Next: 9%
Magic:  21/21      EV:  2    Int:  6    God:    Beogh [******]
Gold:   1028       SH:  0    Dex: 14    Spells: 18/18 levels left

rFire   + . .      SeeInvis .   h - +7 war axe (venom)
rCold   + + +      Faith    +   P - +0 kite shield {reflect}
rNeg    + + +      Spirit   .   E - +3 ice dragon scales of Torphuun {rPois rF- rC++ rN+++ Str+5 Int-2}
rPois   +          Reflect  +   O - -2 hat of the Alchemist {rElec rPois rF+ rC+ rN+ Will+ rMut rCorr}
rElec   +          Harm     .   G - +0 cloak
rCorr   +          Rampage  .   J - +2 pair of gloves {Stlth+}
rMut    +                       c - +0 pair of boots
Will    +++..                   S - amulet of Sif Muna's Scorn {Faith rElec rN++ Slay+3}
Stlth   +++.......              I - ring of Yendor {rPois rF+ Will+ rCorr}
HPRegen 0.39/turn               N - +6 ring of strength
MPRegen 0.17/turn

@: mighty, sleeping, on berserk cooldown, slowed, studying 2 skills
A: walk on water
}: 1/15 runes: serpentine
a: Renounce Religion, Smiting, Recall Orcish Followers, Give Item to Named
Follower, Resurrection


You were on level 4 of the Shoals.
You worshipped Beogh.
Beogh was exalted by your worship.
You visited 5 branches of the dungeon, and saw 31 of its levels.
You visited the Abyss 1 time.
You also visited: Ossuary, Gauntlet and Ice Cave.

You collected 3568 gold pieces.
You spent 2540 gold pieces at shops.

Inventory:

Hand Weapons
 h - a +7 war axe of venom (weapon)
Armour
 c - a +0 pair of boots (worn)
 E - the +3 ice dragon scales of Torphuun (worn) {rPois rF- rC++ rN+++ Str+5 Int-2}
   (You found it in an ice cave)

   Str:       It affects your strength (+5).
   Int:       It affects your intelligence (-2).
   rF:        It makes you vulnerable to fire.
   rC:        It greatly protects you from cold.
   rPois:     It protects you from poison.
   rN:        It renders you almost immune to negative energy.
 G - a +0 cloak (worn)
 J - a +2 pair of gloves of stealth (worn)
 O - the -2 hat of the Alchemist (worn) {rElec rPois rF+ rC+ rN+ Will+ rMut rCorr}
   (You found it on level 5 of the Lair of Beasts)

   rF:        It protects you from fire.
   rC:        It protects you from cold.
   rElec:     It insulates you from electricity.
   rPois:     It protects you from poison.
   rN:        It protects you from negative energy.
   rCorr:     It protects you from acid and corrosion.
   rMut:      It protects you from mutation.
   Will:      It increases your willpower.
 P - a +0 kite shield of reflection (worn)
Jewellery
 I - the ring of Yendor (left hand) {rPois rF+ Will+ rCorr}
   (You found it in a Gauntlet)

   [ring of willpower]

   rF:        It protects you from fire.
   rPois:     It protects you from poison.
   rCorr:     It protects you from acid and corrosion.
   Will:      It increases your willpower.
 N - a +6 ring of strength (right hand)
 S - the amulet of Sif Muna's Scorn (around neck) {Faith rElec rN++ Slay+3}
   (You found it on level 4 of the Snake Pit)

   [amulet of faith]

   It allows you to gain divine favour quickly.
   Slay:      It affects your accuracy & damage with ranged weapons and melee
   (+3).
   rElec:     It insulates you from electricity.
   rN:        It greatly protects you from negative energy.
Wands
 d - a wand of iceblast (16)
 f - a wand of acid (2)
 m - a wand of paralysis (1) (quivered)
 n - a wand of digging (31)
 w - a wand of flame (42)
Scrolls
 a - a scroll of silence
 g - 2 scrolls of noise
 i - 7 scrolls of blinking
 o - 2 scrolls of holy word
 q - 8 scrolls of enchant armour
 r - 2 scrolls of fear
 s - a scroll of fog
 x - 2 scrolls of enchant weapon
 D - 4 scrolls of identify
 F - 9 scrolls of teleportation
Potions
 b - 4 potions of mutation
 e - 2 potions of cancellation
 j - 5 potions of heal wounds
 k - 8 potions of curing
 p - 4 potions of ambrosia
 t - a potion of flight
 u - 4 potions of lignification
 z - 4 potions of invisibility
 C - 4 potions of haste
 L - 3 potions of might
 M - a potion of resistance
Miscellaneous
 K - a tin of tremorstones (2/2)
 Q - a lightning rod (4/4)
 R - a phantom mirror


   Skills:
 + Level 16.5 Fighting
 + Level 22.0 Axes
 + Level 15.1 Armour
 + Level 9.0 Dodging
 + Level 6.1 Stealth
 + Level 15.2 Shields
 + Level 3.5 Invocations
 * Level 14.6 Evocations


You had 18 spell levels left.
You didn't know any spells.
Your spell library contained the following spells:

 Spells                   Type           Power      Damage    Failure   Level
 Sandblast                Erth           0%         2d4       83%         1
 Passwall                 Tmut/Erth      0%         N/A       92%         2
 Static Discharge         Conj/Air       0%         N/A       92%         2
 Stone Arrow              Conj/Erth      0%         3d7       99%         3
 Tukima's Dance           Hex            0%         N/A       99%         3
 Dispel Undead            Necr           0%         3d6       100%        4
 Passage of Golubria      Tloc           0%         N/A       100%        4
 Sticky Flame             Conj/Fire      0%         2d3       100%        4
 Summon Ice Beast         Ice/Summ       0%         N/A       100%        4
 Blade Hands              Tmut           0%         N/A       100%        5
 Irradiate                Conj/Tmut      0%         3d14      100%        5
 Summon Mana Viper        Hex/Summ       0%         N/A       100%        5
 Yara's Violent Unravell  Hex/Tmut       0%         3d3       100%        5
 Dragon Form              Tmut           0%         N/A       100%        7
 Monstrous Menagerie      Summ           0%         N/A       100%        7


Dungeon Overview and Level Annotations

Branches:
Dungeon (15/15)            Temple (0/1) D:4            Lair (6/6) D:8
 Shoals (4/4) Lair:2        Snake (4/4) Lair:4        Slime (0/5) Lair:5
    Orc (2/2) D:9             Elf (0/3) Orc:2        Vaults (0/5) D:13
 Depths (0/4) D:15        Ossuary (visited)           IceCv (visited)
Gauntlet (visited)

Altars:
Fedhas
Gozag
Hepliaklqana
Kikubaaqudgha
Ru
Xom
Beogh

Shops:
D:8 :   D:11 *!?   Orc:2 (=[*   Shoals:2 !   Snake:3 !   Snake:4 =

Annotations:
D:9 1 runed translucent door, promet's ghost, novice OpBr
Lair:2 1 runed translucent door, Muskoefi's ghost, journeyman HOMo


Message History

Gorbash no longer looks unusually strong.
The harpy closely misses Warbeogh.
The harpy claws Warbeogh but does no damage.
The harpy claws Gorbash. x2
The harpy claws Warbeogh but does no damage.
The harpy claws Warbeogh.
The harpy claws Gorbash.
The harpy closely misses Gorbash.
You block the merfolk's attack.
Warbeogh roars a battlecry!
Your orc warlords go into a battle-frenzy!
Gorbash hits the harpy with the +7 falchion "Henaom" {drain, rPois Will- Int+8}!!
The harpy dies!
Beogh accepts your kill.
Warbeogh blocks the faun's attack.
The merfolk siren chants a haunting song.
You resist with almost no effort. You block the merfolk's attack.
Warbeogh hits the harpy with a +0 vampiric demon trident.
Warbeogh is healed.
Gorbash hits the faun with the +7 falchion "Henaom" {drain, rPois Will- Int+8}!
The faun dies!
Beogh accepts your kill.
You hear a splash. x3
The harpy claws Warbeogh.
The harpy claws Warbeogh!
Warbeogh blocks the harpy's attack.
The harpy barely misses Warbeogh.
You block the merfolk's attack.
The merfolk siren chants a haunting song.
You resist with almost no effort.
The merfolk hits you from afar with a +0 trident.
* * * LOW HITPOINT WARNING * * *
Warbeogh hits the harpy with a +0 vampiric demon trident!!!
Warbeogh is healed.
The harpy dies!
Beogh accepts your kill.
The dream sheep attempt to lull Gorbash to sleep.
Gorbash is unaffected.
Gorbash hits the merfolk impaler with the +7 falchion "Henaom" {drain, rPois Will- Int+8}!!
The merfolk hits you but does no damage.
The dream sheep shake their wool and sparkle.
You feel drowsy...
You fall asleep.
The merfolk hits you from afar with a +0 trident!!!
You die...

#....##≈<<.<..≈≈≈≈ #...
##...#.†.()..<.≈≈≈ .[...
#....##≈...##P.≈≈≈ ..≈...
#...##≈...##.P≈≈≈ ...≈..
##..≈.+†.......≈≈≈
....##......(.......≈≈≈
####.#H#...##.##.....P≈≈≈
..8.HHm8o..#...#o...P.≈≈≈
≈≈≈≈≈Emo@≈.≈≈....≈....≈≈≈
.)...Hmo)†##...##≈....≈≈≈
####Ymm#≈..#####...P..≈≈≈
#..mCm#≈≈... ≈.≈.P..P≈≈≈
.Y..Y≈.##≈....≈≈......≈≈≈
....... #≈....≈≈..##..≈≈≈
..≈.... #≈....≈...# ..≈≈≈
#...... ≈≈..#≈. .. .≈≈


You could see a merfolk impaler, 5 merfolk, 2 manticores, a cyclops, a water
elemental, a merfolk siren, 2 harpies, 3 dream sheep, the friendly Gorbash the
orc warlord (strong), the friendly Margrim the orc warlord (strong) and the
friendly Warbeogh the orc warlord (strong).

Vanquished Creatures
  Mlioglotl (Snake:3)
  Donald (Snake:2)
  3 nagarajas
  Louise (Shoals:1)
  An orc warlord (Orc:2)
  A ghost moth (Lair:6)
  3 quicksilver oozes (IceCv)
  A minotaur (Gauntlet)
  3 merfolk impalers
  A merfolk javelineer (Shoals:4)
  A great orb of eyes (Gauntlet)
  3 naga warriors
  A boulder beetle (D:15)
  2 anacondas (Snake:3)
  An ogre mage (D:15)
  4 hydras
  2 merfolk avatars
  2 two-headed ogres
  An alligator snapping turtle (Shoals:3)
  8 death yaks
  2 satyrs (Shoals:3)
  5 naga sharpshooters
  An orc high priest (Orc:2)
  A salamander mystic (Snake:4)
  3 shock serpents
  4 skeletal warriors
  A sea snake (Shoals:3)
  4 naga ritualists (Snake:4)
  2 orc knights
  Pikel (D:9)
  An orange crystal statue (IceCv)
  A lindwurm (Lair:6)
  4 harpies
  A wizard (Gauntlet)
  2 deep elf pyromancers
  7 fauns
  A deep elf zephyrmancer (D:10)
  7 cyclopes
  15 mana vipers
  An oklob plant (Lair:3)
  6 manticores
  A wolf spider (Lair:6)
  3 salamanders
  7 ugly things
  8 elephants
  4 guardian serpents
  17 black mambas
  2 merfolk sirens (Shoals:2)
  Maurice (D:9)
  7 cane toads
  3 naga magi
  A water nymph (Shoals:1)
  A gargoyle (D:13)
  4 komodo dragons
  2 unseen horrors
  An entropy weaver simulacrum (IceCv)
  9 merfolk
  A polar bear (Lair:6)
  4 trolls
  2 meliai (D:14)
  2 wind drakes
  3 hornets
  A blink frog (Lair:6)
  15 slime creatures
  3 dream sheep
  2 snapping turtles
  A raiju (Lair:6)
  5 wyverns
  10 yaks
  3 wraiths
  2 water elementals
  2 basilisks (D:8)
  2 steam dragons
  A warg (Lair:6)
  3 swamp worms (Gauntlet)
  18 nagas
  An acid dragon (D:10)
  8 water moccasins
  4 demonic crawler simulacra (IceCv)
  3 hell hounds (Lair:6)
  A swamp drake (D:8)
  2 ugly thing simulacra (IceCv)
  6 black bears
  An ice beast (D:7)
  9 orc warriors
  4 ogres
  20 wolves
  A tengu (D:8)
  A boggart (D:15)
  11 centaurs
  3 lemures (D:9)
  A kobold brigand (D:8)
  5 bullfrogs
  A gnoll sergeant (D:12)
  3 scorpions
  2 elf skeletons (D:8)
  A wyvern skeleton (D:7)
  3 killer bees
  10 wights
  5 centaur zombies
  4 hounds
  2 bullfrog skeletons (D:6)
  2 bullfrog zombies
  2 centaur skeletons (D:6)
  A gnoll shaman (D:8)
  A jelly (D:6)
  3 orc priests
  Natasha (thrice) (D:3)
  3 iguanas
  4 orc wizards
  2 hell rats (Lair:4)
  4 human skeletons (D:8)
  8 mummies (Ossuary)
  A howler monkey zombie (D:7)
  16 gnolls
  6 adders
  2 shadow imps
  2 white imps
  An adder skeleton (D:5)
  2 worms
  A dart slug (D:3)
  33 orcs
  5 bats
  8 endoplasms
  3 giant cockroaches
  8 goblins
  3 hobgoblins
  4 jackals (D:1)
  7 kobolds
  5 ball pythons
  2 frilled lizards
  A hobgoblin zombie (Ossuary)
  4 kobold zombies (Ossuary)
  3 orc zombies (Ossuary)
  6 rats
  2 butterflies (Lair:5)
532 creatures vanquished.

Vanquished Creatures (collateral kills)
  Vashnia (Snake:3)
  Kirke (Lair:4)
  6 nagarajas
  2 azure jellies (IceCv)
  A fire giant (D:15)
  Aizul (Snake:2)
  2 quicksilver oozes (IceCv)
  A stone giant (Shoals:3)
  3 dire elephants
  Snorg (Lair:3)
  3 merfolk impalers
  A shambling mangrove (Lair:5)
  A salamander tyrant (Snake:3)
  A boulder beetle (D:15)
  4 anacondas
  2 catoblepae
  3 two-headed ogres
  5 naga warriors
  4 alligator snapping turtles (Shoals:2)
  4 centaur warriors
  A merfolk avatar (Shoals:2)
  A tengu warrior (D:14)
  8 death yaks
  11 naga sharpshooters
  2 shock serpents
  4 skeletal warriors
  5 salamander mystics
  5 sea snakes
  13 naga ritualists
  2 orc knights (Orc:2)
  4 harpies (Shoals:4)
  A lindwurm (Lair:4)
  7 mana vipers
  A necromancer (D:13)
  14 ugly things
  2 deep elf pyromancers (D:13)
  An oklob plant (Lair:3)
  4 cyclopes
  2 orc sorcerers (Orc:2)
  7 fauns
  3 salamanders
  11 elephants
  12 manticores
  A centaur zombie (D:11)
  2 water nymphs
  6 merfolk sirens
  27 black mambas
  7 naga magi
  A gargoyle (D:13)
  4 guardian serpents
  6 komodo dragons
  8 cane toads
  2 tengu conjurers (D:14)
  6 trolls
  12 merfolk
  2 hornets (Lair:6)
  9 polar bears (Lair:6)
  4 wind drakes
  A meliai (D:14)
  A raiju (Lair:6)
  4 dream sheep
  15 slime creatures
  A blink frog (Lair:6)
  5 snapping turtles
  A meliai zombie (D:10)
  A centaur simulacrum (D:14)
  2 water elementals
  2 wyverns (Lair:6)
  27 yaks
  2 basilisks
  7 wargs
  31 nagas
  2 acid dragons
  11 water moccasins
  12 hell hounds (Lair:6)
  7 black bears (Lair:6)
  6 orc warriors (Orc:2)
  A necrophage (D:10)
  16 wolves
  2 boggarts (D:15)
  4 ogres
  2 centaurs (D:14)
  5 bullfrogs
  A howler monkey (D:9)
  An electric eel (Lair:5)
  2 orc priests
  An orc wizard (D:9)
  3 hell rats (Lair:4)
  A gnoll (D:12)
  6 orcs
  2 butterflies (Lair:5)
450 creatures vanquished.

Vanquished Creatures (others)
  An orc warlord (Snake:4)
  5 orc knights (Snake:4)
  An orc high priest (Shoals:2)
  An orc sorcerer (Snake:4)
  2 wizards (D:15)
  A water elemental (D:15)
  A human (Lair:4)
  5 orc wizards
  13 orc warriors
  A wight (D:4)
  7 orc priests
  An adder (D:4)
  18 orcs
  A kobold (D:10)
  87 fungi
  150 plants
295 creatures vanquished.

Grand Total: 1277 creatures vanquished

Notes
Turn   | Place    | Note
-------+----------+-------------------------------------------
     0 | D:1      | cbfl8 the Hill Orc Fighter began the quest for the Orb.
     0 | D:1      | Reached XP level 1. HP: 19/19 MP: 1/1
   173 | D:1      | Reached skill level 3 in Axes
   178 | D:1      | Reached XP level 2. HP: 24/27 MP: 2/2
   822 | D:1      | Reached XP level 3. HP: 32/33 MP: 3/3
  1230 | D:2      | Reached skill level 4 in Axes
  1230 | D:2      | Reached XP level 4. HP: 32/40 MP: 4/4
  1788 | D:2      | Found a faded altar of an unknown god.
  1860 | D:3      | You fall into a shaft and drop 3 floors!
  1860 | D:6      | Noticed a centaur
  1868 | D:6      | Found a sacrificial altar of Ru.
  1879 | D:7      | Reached skill level 5 in Axes
  1879 | D:7      | Reached XP level 5. HP: 10/47 MP: 5/5
  2258 | D:6      | Reached XP level 6. HP: 48/55 MP: 6/6
  2354 | D:5      | Entered Level 5 of the Dungeon
  2397 | D:5      | Found an opulent altar of Gozag.
  2481 | D:5      | Reached skill level 6 in Axes
  2724 | D:4      | Reached skill level 5 in Fighting
  3294 | D:3      | Identified the +8 ring mail of the Curious Lives {rF+ Will+
                  | Dex+2 SInv}
  3294 | D:3      | Noticed Natasha
  3300 | D:3      | Killed Natasha
  3593 | D:3      | Reached skill level 1 in Evocations
  3593 | D:3      | Reached XP level 7. HP: 52/61 MP: 7/7
  3710 | D:3      | Noticed Natasha
  3722 | D:3      | Killed Natasha
  3723 | D:3      | Reached skill level 7 in Axes
  3851 | D:3      | Noticed Natasha
  3860 | D:3      | Killed Natasha
  4056 | D:4      | Became a worshipper of Beogh the Brigand
  4195 | D:4      | Found a staircase to the Ecumenical Temple.
  4525 | D:5      | Found a hazy altar of Hepliaklqana.
  5725 | D:6      | Reached skill level 1 in Dodging
  5940 | D:6      | Reached skill level 8 in Axes
  6115 | D:6      | Reached XP level 8. HP: 68/70 MP: 8/8
  6121 | D:6      | Reached skill level 5 in Armour
  6664 | D:7      | Found an ancient bone altar of Kikubaaqudgha.
  7085 | D:7      | Reached skill level 9 in Axes
  7253 | D:7      | Reached XP level 9. HP: 66/78 MP: 9/9
  7254 | D:7      | Reached * piety under Beogh
  7763 | D:8      | Reached skill level 10 in Axes
  7809 | D:8      | Found a sand-covered staircase.
  7816 | D:8      | Reached skill level 5 in Shields
  7819 | Ossuary  | Entered an ossuary
  7980 | Ossuary  | Reached ** piety under Beogh
  8272 | D:8      | Reached skill level 11 in Axes
  8321 | D:8      | Noticed Grum
  8322 | D:8      | Noticed Grum
  8322 | D:8      | Grum changed into Grum the komodo dragon
  8324 | D:8      | Noticed Grum
  8324 | D:8      | Grum the komodo dragon changed into Grum the tengu
  8326 | D:8      | Killed Grum the tengu
  8884 | D:8      | Reached skill level 5 in Evocations
  8948 | D:8      | Found a staircase to the Lair.
  8969 | D:8      | Reached XP level 10. HP: 71/86 MP: 10/10
  9099 | D:8      | Reached skill level 12 in Axes
  9849 | D:8      | Found Gost's Self-Improvement Boutique.
 10357 | D:9      | Noticed Pikel
 10369 | D:9      | Killed Pikel
 10420 | D:9      | Reached skill level 1 in Stealth
 10472 | D:9      | Found a runed translucent door.
 10473 | D:9      | Found a shimmering altar of Xom.
 10473 | D:9      | Noticed promet's ghost (novice OpBr)
 10473 | D:9      | Noticed a +4 morningstar of chaos
 10518 | D:9      | Noticed Maurice
 10523 | D:9      | Killed Maurice
 10523 | D:9      | Reached *** piety under Beogh
 11007 | D:9      | Found a staircase to the Orcish Mines.
 11317 | D:10     | Entered Level 10 of the Dungeon
 11604 | D:10     | Noticed a deep elf zephyrmancer
 11604 | D:10     | Noticed an unseen horror
 11718 | D:10     | Reached skill level 13 in Axes
 11923 | D:10     | Killed an unseen horror
 11924 | D:10     | Reached XP level 11. HP: 91/95 MP: 11/11
 11925 | D:10     | Killed a deep elf zephyrmancer
 12543 | D:11     | Found Xabosma's General Store.
 12553 | D:11     | Bought a scroll of teleportation for 42 gold pieces
 12664 | D:11     | Noticed an eight-headed hydra
 12668 | D:11     | Killed an eight-headed hydra
 12729 | D:11     | Noticed a two-headed ogre
 12735 | D:11     | Killed a two-headed ogre
 13025 | D:11     | Noticed a centaur warrior
 13030 | D:11     | Killed a centaur warrior
 13217 | D:11     | Found Ricuatt's Distillery.
 13221 | D:11     | Bought a potion of heal wounds for 75 gold pieces
 13221 | D:11     | Bought a potion of berserk rage for 75 gold pieces
 13283 | D:11     | Found Wirchug's Magic Scroll Emporium.
 13289 | D:11     | Reached skill level 14 in Axes
 13292 | D:11     | Bought a scroll of acquirement for 728 gold pieces
 13292 | D:11     | Bought a scroll of teleportation for 42 gold pieces
 13299 | D:11     | Acquired a manual of Armour
 13477 | D:12     | Noticed a two-headed ogre
 13486 | D:12     | Killed a two-headed ogre
 13560 | D:12     | Noticed a two-headed ogre
 13571 | D:12     | Killed a two-headed ogre
 13611 | D:12     | Identified the +7 falchion "Henaom" {drain, rPois Will-
                  | Int+8}
 13625 | D:12     | Found a gate leading to a gauntlet.
 13678 | Gauntlet | Entered a Gauntlet
 13678 | Gauntlet | Found a transporter.
 13678 | Gauntlet | Found a transporter.
 13688 | Gauntlet | Found a transporter.
 13700 | Gauntlet | Found a transporter.
 13718 | Gauntlet | Found a transporter.
 13718 | Gauntlet | Found a transporter.
 13718 | Gauntlet | Found a transporter.
 13720 | Gauntlet | Found a transporter.
 13720 | Gauntlet | Found a transporter.
 13722 | Gauntlet | Noticed a sixfirhy
 13725 | Gauntlet | Noticed a sixfirhy
 13729 | Gauntlet | Noticed a cyan ugly thing
 13730 | Gauntlet | Found a runed translucent gate.
 13730 | Gauntlet | Found a runed translucent gate.
 13730 | Gauntlet | Found a runed translucent gate.
 13731 | Gauntlet | Noticed a great orb of eyes
 13732 | Gauntlet | Found a transporter.
 13745 | Gauntlet | Noticed a sixfirhy
 13751 | Gauntlet | Found a transporter.
 13758 | Gauntlet | Found a transporter.
 13772 | Gauntlet | Found a transporter.
 13792 | Gauntlet | Found a transporter.
 13874 | Gauntlet | Noticed a wizard
 14199 | Gauntlet | Cast into level 2 of the Abyss (a wizard)
 14199 | Abyss:2  | Found a roughly hewn altar of Beogh.
 14199 | Abyss:2  | Found a corrupted altar of Lugonu.
 14202 | Abyss:2  | Found a corrupted altar of Lugonu.
 14213 | Gauntlet | Escaped the Abyss
 14215 | Gauntlet | Killed a wizard
 14300 | Gauntlet | Killed a great orb of eyes
 14302 | Gauntlet | Killed a cyan ugly thing
 14350 | Gauntlet | Identified the amulet of Doxoats {RegenMP rF+ rN+}
 14352 | Gauntlet | Identified the ring of Yendor {rPois rF+ Will+ rCorr}
 14441 | Gauntlet | Identified the +7 hand crossbow "Mamam" {vorpal, Str+9
                  | Int+3 Dex+2}
 14441 | Gauntlet | Noticed a minotaur
 14456 | Gauntlet | Killed a minotaur
 14806 | D:12     | Noticed a skeletal warrior
 14808 | D:12     | Noticed a skeletal warrior
 14814 | D:12     | Noticed a skeletal warrior
 14815 | D:12     | Noticed a skeletal warrior
 14819 | D:12     | Killed a skeletal warrior
 14820 | D:12     | Reached XP level 12. HP: 80/104 MP: 12/12
 14828 | D:12     | Reached skill level 15 in Axes
 15168 | D:12     | Reached skill level 5 in Dodging
 15563 | D:12     | Reached **** piety under Beogh
 15829 | D:13     | Found a gate to the Vaults.
 15909 | D:13     | Noticed a catoblepas
 15919 | D:13     | Killed a catoblepas
 16050 | D:13     | Reached skill level 10 in Fighting
 16059 | D:13     | Noticed a five-headed hydra
 16064 | D:13     | Killed a five-headed hydra
 16321 | D:13     | Reached skill level 16 in Axes
 16657 | D:14     | Noticed a centaur warrior
 16665 | D:14     | Killed a centaur warrior
 16673 | D:14     | Reached XP level 13. HP: 95/114 MP: 13/13
 17029 | D:14     | Reached ***** piety under Beogh
 17540 | D:15     | Entered Level 15 of the Dungeon
 17892 | D:15     | Noticed a fire giant
 17894 | D:15     | Found a staircase to the Depths.
 17897 | D:15     | Killed a fire giant
 17898 | D:15     | Reached skill level 17 in Axes
 18042 | D:15     | Reached skill level 10 in Evocations
 18609 | D:15     | Gained Hawl as an ally
 18746 | D:15     | Reached skill level 10 in Armour
 18991 | D:15     | Identified the +5 shortbow "Netulipn" {venom, Will+}
 18994 | D:15     | Identified the +5 ring mail "Poage" {rC+ rN++}
 19267 | Lair:1   | Entered Level 1 of the Lair of Beasts
 19989 | Lair:1   | Reached XP level 14. HP: 126/126 MP: 14/14
 20612 | Lair:2   | Found a runed translucent door.
 20612 | Lair:2   | Noticed Muskoefi's ghost (journeyman HOMo)
 20613 | Lair:2   | Identified the +3 spear of the Nexus {vamp, rC+ rCorr SInv}
 20752 | Lair:2   | Found a staircase to the Shoals.
 21467 | Lair:3   | Noticed Snorg
 21475 | Lair:3   | Killed Snorg
 22176 | Lair:3   | Found a blossoming altar of Fedhas.
 22943 | Lair:4   | Reached ****** piety under Beogh
 22975 | Lair:4   | Noticed Kirke
 22981 | Lair:4   | Killed Kirke
 23193 | Lair:4   | Found a staircase to the Snake Pit.
 23831 | Lair:5   | Reached skill level 10 in Shields
 24209 | Lair:5   | Found a staircase to the Slime Pits.
 24581 | Lair:5   | Found the -2 hat of the Alchemist {rElec rPois rF+ rC+ rN+
                  | Will+ rMut rCorr}
 25621 | Lair:6   | Entered Level 6 of the Lair of Beasts
 25690 | Lair:6   | Reached skill level 18 in Axes
 25727 | Lair:6   | Gained Gorbash as an ally
 26242 | Lair:6   | Noticed a ghost moth
 26242 | Lair:6   | a five-headed hydra changed into a ghost moth
 26254 | Lair:6   | Killed a ghost moth
 26256 | Lair:6   | Reached XP level 15. HP: 66/136 MP: 2/15
 27272 | Lair:6   | Gained Bladwarg as an ally
 28198 | Lair:6   | Identified the +8 falchion "Lonablas" {venom, rN++ Dex+4}
 28487 | D:8      | Bought a manual of Axes for 1200 gold pieces
 28529 | Orc:1    | Entered Level 1 of the Orcish Mines
 28530 | Orc:1    | You fall into a shaft and drop 1 floor!
 28530 | Orc:2    | Entered Level 2 of the Orcish Mines
 28556 | Orc:2    | Found Nococi's General Store.
 28556 | Orc:2    | Noticed an orc warlord
 28568 | Orc:2    | Killed an orc warlord
 28856 | Orc:2    | Found Tuimmy's Jewellery Shoppe.
 28911 | Orc:2    | Found Giehykab's Antique Armour Shop.
 28982 | Orc:2    | Reached skill level 5 in Stealth
 29010 | Orc:2    | Found a staircase to the Elven Halls.
 29027 | Orc:2    | Found Omiconk's Antique Weapon Shop.
 29782 | Orc:1    | Found a roughly hewn altar of Beogh.
 30330 | Shoals:1 | Entered Level 1 of the Shoals
 30340 | Shoals:1 | Found a frozen archway.
 30391 | IceCv    | Entered an ice cave
 31413 | IceCv    | Gained Borgoth as an ally
 31413 | IceCv    | Gained Morguth as an ally
 32940 | IceCv    | Your ally Borgoth died
 33890 | IceCv    | Noticed a rockslime
 33892 | IceCv    | Found a viscous altar of Jiyva.
 33892 | IceCv    | Noticed an azure jelly
 33895 | IceCv    | a rockslime changed into a dire elephant
 33909 | IceCv    | Noticed an azure jelly
 33909 | IceCv    | Killed an azure jelly
 33923 | IceCv    | Killed an azure jelly
 34143 | IceCv    | Identified the amulet of Discretion {Spirit Fly MP-9 Str+4}
 34145 | IceCv    | Identified the +3 ice dragon scales of Torphuun {rPois rF-
                  | rC++ rN+++ Str+5 Int-2}
 34262 | Shoals:1 | Reached skill level 19 in Axes
 34508 | Shoals:1 | Reached XP level 16. HP: 147/147 MP: 16/16
 34542 | Shoals:1 | You fall into a shaft and drop 1 floor!
 34610 | Shoals:1 | Noticed Louise
 34629 | Shoals:1 | Killed Louise
 35587 | Shoals:2 | Gained Marbaugh as an ally
 36571 | Shoals:2 | Your ally Marbaugh died
 36574 | Shoals:2 | Reached skill level 1 in Invocations
 36596 | Shoals:2 | Gained Berold as an ally
 36695 | Shoals:2 | Found Hanlumem's Distillery.
 36703 | Shoals:2 | Bought a potion of might for 68 gold pieces
 36703 | Shoals:2 | Bought 2 potions of heal wounds for 170 gold pieces
 37510 | Snake:1  | Entered Level 1 of the Snake Pit
 37863 | Snake:1  | You fall into a shaft and drop 1 floor!
 37927 | Snake:2  | Noticed a nagaraja
 37936 | Snake:2  | Killed a nagaraja
 38537 | Snake:2  | Noticed a nagaraja
 38539 | Snake:2  | Noticed a nagaraja
 38545 | Snake:2  | Killed a nagaraja
 38548 | Snake:2  | Killed a nagaraja
 38781 | Snake:2  | Noticed Donald
 38790 | Snake:2  | Killed Donald
 38984 | Snake:2  | Noticed Aizul
 38995 | Snake:2  | Killed Aizul
 39434 | Snake:2  | Reached skill level 15 in Fighting
 40528 | Snake:3  | Noticed Vashnia
 40536 | Snake:3  | Gained Warbeogh as an ally
 40660 | Snake:3  | Reached skill level 20 in Axes
 41087 | Snake:3  | Killed Vashnia
 41705 | Snake:3  | Noticed a nagaraja
 41716 | Snake:3  | Killed a nagaraja
 41747 | Snake:3  | Reached XP level 17. HP: 104/156 MP: 18/18
 42958 | Snake:3  | Noticed Mlioglotl
 42971 | Snake:3  | Killed Mlioglotl
 43644 | Snake:3  | Found Dodesa's Distillery.
 43654 | Snake:3  | Bought 2 potions of heal wounds for 140 gold pieces
 44019 | Snake:4  | Entered Level 4 of the Snake Pit
 44046 | Snake:4  | Found Jyojur's Jewellery Emporium.
 44704 | Snake:4  | Identified the +6 falchion "Wozan" {venom, rPois}
 44715 | Snake:4  | Your ally Bladwarg died
 44722 | Snake:4  | Your ally Morguth died
 44738 | Snake:4  | Your ally Berold died
 44744 | Snake:4  | Your ally Hawl died
 45083 | Snake:4  | Identified the amulet of Sif Muna's Scorn {Faith rElec rN++
                  | Slay+3}
 45106 | Snake:4  | Identified the +2 long sword of Sufat {holy, Str+3 Dex+2}
 45126 | Snake:4  | Reached skill level 21 in Axes
 45511 | Snake:4  | Identified the ring of Kaetzikhat {EV+4 Int+3}
 45553 | Snake:4  | Reached XP level 18. HP: 166/166 MP: 18/20
 46568 | Snake:4  | Gained Margrim as an ally
 47861 | Snake:4  | Got a serpentine rune of Zot
 48795 | Shoals:3 | Reached skill level 15 in Armour
 48869 | Shoals:3 | Reached skill level 15 in Shields
 50416 | Shoals:4 | Entered Level 4 of the Shoals
 50644 | Shoals:4 | Reached XP level 19. HP: 98/173 MP: 21/21
 51052 | Shoals:4 | Reached skill level 22 in Axes
 51071 | Shoals:4 | Mangled by a merfolk

Illustrated notes

Levels and vault maps discovered:
D:1:      enne_arrival_octagon_isle, layout_basic
D:2:      layout_rooms, hellmonk_ecumenical_altar_heavens_door,
          nrook_mini_backslash
D:3:      layout_basic, minmay_misc_feat_four_crosses,
          small_statue_intersection, uniq_natasha
D:4:      layout_rooms, temple_doors_cd, minmay_large_rounded_square,
          minmay_bisected
D:5:      layout_gridville, mainiacjoe_overflow_boulevard,
          nicolae_hepliaklqana_hazy_memory, minmay_strange_pillars
D:6:      layout_gridville, amcnicky_altar_gilded, feat_on_display
D:7:      layout_loops_ring, nicolae_kikubaaqudgha_miasma_corner
D:8:      layout_layer_cave, erik_lair_dragon, nicolae_ossuary_entry_catacombs,
          st_stairs_13, nicolae_shop_self_help, uniq_grum
D:9:      layout_grid_maze, orc_0_dummy, ebering_ghost_xom, uniq_maurice,
          uniq_pikel
D:10:     layout_irregular_city, hangedman_stone_soup
D:11:     layout_roguey, serial_shops, nicolae_shop_statue_plus, shop, shop
D:12:     layout_loops_ring, gauntlet_entry_generic
D:13:     layout_cave_pools, david_vaults_1
D:14:     layout_roguey, minivault_19
D:15:     grunt_enter_depths_giant_problem, layout_gridville,
          corexii_leaking_fountain, lemuel_freeze_loot_1
Lair:1:   layout_small_grid, wad_woods_road_05
Lair:2:   layout_roguey, minmay_shoals_entry_beasts,
          ebering_ghost_funeral_grove, beast_lair_carwin_10,
          serial_bayou_shore_a
Lair:3:   layout_regular_city, hangedman_tree_tricks, uniq_snorg
Lair:4:   layout_roguey, guppyfry_snake_entry_garden, uniq_kirke
Lair:5:   layout_cellular_growth, minmay_slime_entry_oklob_open,
          lemuel_fruit_tree, serial_bayou_shore_b, infiniplex_staircase_pool,
          lemuel_fruit_fields
Lair:6:   hangedman_lair_caniforms_friends, layout_hall_layers,
          hangedman_lair_in_review, grunt_forest_stairs_basic
Shoals:1: layout_shoals, portal_ice_cave_entry_pillars_2, uniq_louise
Shoals:2: layout_shoals, serial_shops, nicolae_shop_behind_doors,
          nicolae_shoals_siren_and_animal_friends
Shoals:3: layout_shoals, st_cyclops
Shoals:4: shoals_end_hellmonk_lost_city, serial_shops
Snake:1:  nrook_guardian_serpent_snake_passage, layout_onion_interference
Snake:2:  layout_chambers, grunt_megastairs_2, uniq_aizul, uniq_donald
Snake:3:  layout_misc_corridors, serial_shops, nicolae_diamond_shop,
          grunt_megastairs_5, uniq_vashnia, uniq_mlioglotl
Snake:4:  johnstein_snake_rune_scales, layout_misc_corridors,
          grunt_ministairs_12, minmay_shop_enchanted_jewellery,
          nicolae_snake_naga_rites
Orc:1:    layout_diamond_mine, basic_altar, nicolae_orc_sculptors_studio
Orc:2:    grunt_orc_gardens, layout_diamond_mine, grunt_orc_garden,
          grunt_orc_garden, grunt_orc_garden, grunt_orc_garden

Skill      XL: |  1  2  3  4  5  6  7  8  9 10 11 12 13 14 15 16 17 18 19 |
---------------+----------------------------------------------------------+-----
Axes           | 3 4 5 6 8 9 11 13 14 16 17 18 19 20 21 22 | 22.0
Fighting       | 4 5 6 7 8 9 10 12 13 14 15 16 | 16.5
Armour         | 4 5 6 8 9 10 12 13 14 15 | 15.1
Evocations     | 1 2 3 5 6 8 9 10 11 12 13 14 | 14.6
Shields        | 4 5 6 7 9 10 12 13 14 15 | 15.2
Dodging        | 1 2 3 4 5 6 7 8 9 |  9.0
Stealth        | 1 2 3 4 5 6 |  6.1
Invocations    | 2 3 |  3.5

Action                   |  1- 3 |  4- 6 |  7- 9 | 10-12 | 13-15 | 16-18 | 19-21 || total
-------------------------+-------+-------+-------+-------+-------+-------+-------++-------
Melee: War axe           |    38 |   148 |   371 |   369 |   711 |   534 |    22 ||  2193
Invok: Convert to Beogh  |       |       |     1 |       |       |       |       ||     1
       Recall Orcish Fol |       |       |       |       |     8 |    18 |       ||    26
       Give Item to Name |       |       |       |       |     4 |     4 |       ||     8
       Resurrection      |       |       |       |       |     2 |       |       ||     2
       Smiting           |       |       |       |       |       |       |     1 ||     1
Evoke: Wand              |       |       |    10 |    17 |    32 |     9 |       ||    68
  Use: Scroll            |       |     6 |     6 |     5 |    10 |    14 |       ||    41
       Potion            |       |     1 |     2 |     7 |     7 |     8 |     2 ||    27
 Stab: Distracted        |       |       |       |     3 |    13 |     4 |     2 ||    22
       Sleeping          |       |       |       |     2 |     3 |     7 |       ||    12
       Confused          |       |       |       |       |     1 |       |       ||     1
       Petrified         |       |       |       |       |     1 |       |       ||     1
Armor: Scale mail        |    15 |     6 |       |       |       |       |       ||    21
       Plate armour      |       |    79 |       |       |       |       |       ||    79
       Ring mail         |       |    11 |   228 |   222 |   243 |    24 |       ||   728
       Ice dragon scales |       |       |       |       |       |   165 |    24 ||   189
Dodge: Dodged            |    24 |    48 |   173 |   200 |   252 |   207 |    32 ||   936
Block: Buckler           |    15 |    32 |    99 |   105 |       |       |       ||   251
       Tower shield      |       |       |       |    17 |   622 |   134 |       ||   773
       Kite shield       |       |       |       |       |       |   288 |    32 ||   320
       Reflection        |       |       |       |       |       |    56 |     4 ||    60
